PAA
MINNESOTA LOONS @ ASHEVILLE HIGHLANDERS
07/14/2026
 
TOP OF THE 1ST
Minnesota Loons batting - Pitching for Asheville Highlanders : RHP Santiago Paez
Pitching: RHP Santiago Paez
Batting: LHB Alfredo Arévalo 0-0: Called Strike
0-1: Foul Ball, location: 2F
0-2: Ball
1-2: Foul Ball, location: 2F
1-2: Ground out 4-3 (Groundball, 4)
Batting: RHB Pierre Bernard 0-0: Ball
1-0: Ball
2-0: Ball
3-0: Base on Balls
Batting: SHB David Martínez 0-0: Called Strike
0-1: Fielders Choice at 2nd, 4-6 (Groundball, 34)
Batting: LHB José León 0-0: Ball
1-0: SINGLE (Line Drive, 56D)
David Martínez to second
Batting: RHB Wilson Vega 0-0: Ball
1-0: Swinging Strike
1-1: Called Strike
1-2: 3-RUN HOME RUN (Flyball, 7D), Distance : 415 ft
Batting: RHB Lytle Creek 0-0: Ball
1-0: Ball
2-0: Swinging Strike
2-1: Ball
3-1: Called Strike
3-2: SINGLE (Groundball, 6D)
Batting: RHB Todd Franklin 0-0: Ball
1-0: Called Strike
1-1: Foul Ball, location: 2F
1-2: Ball
2-2: Strikes out swinging
Top of the 1st over - 3 run(s), 3 hit(s), 0 error(s), 1 left on base; Minnesota 3 - Asheville 0
BOTTOM OF THE 1ST
Asheville Highlanders batting - Pitching for Minnesota Loons : RHP Roy Shively
Pitching: RHP Roy Shively
Batting: RHB Héctor Gallegos 0-0: Called Strike
0-1: Foul Ball, location: 2F
0-2: Ball
1-2: Ball
2-2: Foul Ball, location: 2F
2-2: Strikes out swinging
Batting: LHB Edward Woodstock 0-0: Ball
1-0: Ball
2-0: Called Strike
2-1: Swinging Strike
2-2: Strikes out looking
Batting: RHB Marshall Attwood 0-0: Swinging Strike
0-1: Swinging Strike
0-2: Strikes out looking
Bottom of the 1st over - 0 run(s), 0 hit(s), 0 error(s), 0 left on base; Minnesota 3 - Asheville 0
TOP OF THE 2ND
Minnesota Loons batting - Pitching for Asheville Highlanders : RHP Santiago Paez
Batting: RHB Pau Arria 0-0: Foul Ball, location: 2F
0-1: Swinging Strike
0-2: Ball
1-2: Foul Ball, location: 2F
1-2: Foul Ball, location: 2F
1-2: Strikes out swinging
Batting: RHB Gilberto Rodríguez 0-0: Ball
1-0: Foul Ball, location: 2F
1-1: Fly out, F9 (Flyball, 9LSF)
Batting: LHB Alfredo Arévalo 0-0: Ground out 3-1 (Groundball, 34S)
Top of the 2nd over - 0 run(s), 0 hit(s), 0 error(s), 0 left on base; Minnesota 3 - Asheville 0
BOTTOM OF THE 2ND
Asheville Highlanders batting - Pitching for Minnesota Loons : RHP Roy Shively
Batting: RHB Ellis Harless 0-0: Ball
1-0: Called Strike
1-1: Ball
2-1: Swinging Strike
2-2: Foul Ball, location: 2F
2-2: Ball
3-2: Foul Ball, location: 2F
3-2: Ground out 4-3 (Groundball, 34D)
Batting: SHB Javier Luna 0-0: Called Strike
0-1: Ball
1-1: Called Strike
1-2: Strikes out looking
Batting: RHB Jan Gosselin 0-0: Ball
1-0: Called Strike
1-1: Ball
2-1: Ball
3-1: Foul Ball, location: 2F
3-2: Base on Balls
Batting: RHB Ed Lastinger 0-0: Ball
1-0: Ball
2-0: Called Strike
2-1: Swinging Strike
2-2: Fly out, F8 (Flyball, 8LM)
Bottom of the 2nd over - 0 run(s), 0 hit(s), 0 error(s), 1 left on base; Minnesota 3 - Asheville 0
TOP OF THE 3RD
Minnesota Loons batting - Pitching for Asheville Highlanders : RHP Santiago Paez
Batting: RHB Pierre Bernard 0-0: Foul Ball, location: 2F
0-1: Swinging Strike
0-2: Ground out 5-3 (Groundball, 56)
Batting: SHB David Martínez 0-0: Ball
1-0: Ball
2-0: Swinging Strike
2-1: Called Strike
2-2: Ball
3-2: SINGLE (Groundball, 6D)
Batting: LHB José León 0-0: Ball
David Martínez is caught stealing 2nd base
1-0: Ball
2-0: Swinging Strike
2-1: Called Strike
2-2: Strikes out swinging
Top of the 3rd over - 0 run(s), 1 hit(s), 0 error(s), 0 left on base; Minnesota 3 - Asheville 0
BOTTOM OF THE 3RD
Asheville Highlanders batting - Pitching for Minnesota Loons : RHP Roy Shively
Batting: RHB Marcos Calderón 0-0: Ball
1-0: Called Strike
1-1: Ball
2-1: Foul Ball, location: 2F
2-2: Strikes out looking
Batting: RHB Bob Miller 0-0: Fly out, F5 (Line Drive, 5)
Batting: RHB Héctor Gallegos 0-0: Ball
1-0: Fly out, F3 (Line Drive, 3L)
Bottom of the 3rd over - 0 run(s), 0 hit(s), 0 error(s), 0 left on base; Minnesota 3 - Asheville 0
TOP OF THE 4TH
Minnesota Loons batting - Pitching for Asheville Highlanders : RHP Santiago Paez
Batting: RHB Wilson Vega 0-0: Called Strike
0-1: SINGLE (Groundball, 34D)
Batting: RHB Lytle Creek 0-0: Ball
1-0: Called Strike
Wilson Vega steals 2nd base
1-1: Foul Ball, location: 2F
1-2: Ball
2-2: Reached on error, E6 (Groundball, 6)
Wilson Vega to third
Batting: RHB Todd Franklin 0-0: Ball
1-0: Called Strike
1-1: Called Strike
1-2: Foul Ball, location: 2F
1-2: Ball
2-2: Foul Ball, location: 2F
2-2: Fly out, F9 (Flyball, 9)
Runner from 3rd tags up, SCORES, no throw
Batting: RHB Pau Arria 0-0: Called Strike
0-1: Grounds into double play, 5-4-3 (Groundball, 5)
Top of the 4th over - 1 run(s), 1 hit(s), 1 error(s), 0 left on base; Minnesota 4 - Asheville 0
BOTTOM OF THE 4TH
Asheville Highlanders batting - Pitching for Minnesota Loons : RHP Roy Shively
Batting: LHB Edward Woodstock 0-0: Ball
1-0: Swinging Strike
1-1: Called Strike
1-2: Ball
2-2: Ball
3-2: Ground out 6-3 (Groundball, 6)
Batting: RHB Marshall Attwood 0-0: Ground out 5-3 (Groundball, 56)
Batting: RHB Ellis Harless 0-0: Ground out 5-3 (Groundball, 56)
Bottom of the 4th over - 0 run(s), 0 hit(s), 0 error(s), 0 left on base; Minnesota 4 - Asheville 0
TOP OF THE 5TH
Minnesota Loons batting - Pitching for Asheville Highlanders : RHP Santiago Paez
Batting: RHB Gilberto Rodríguez 0-0: Ball
1-0: Fly out, F7 (Line Drive, 7D)
Batting: LHB Alfredo Arévalo 0-0: Ground out 4-3 (Groundball, 4M)
Batting: RHB Pierre Bernard 0-0: Ball
1-0: Swinging Strike
1-1: Foul Ball, location: 2F
1-2: Fly out, F3 (Popup, 3L)
Top of the 5th over - 0 run(s), 0 hit(s), 0 error(s), 0 left on base; Minnesota 4 - Asheville 0
BOTTOM OF THE 5TH
Asheville Highlanders batting - Pitching for Minnesota Loons : RHP Roy Shively
Batting: SHB Javier Luna 0-0: Ball
1-0: Foul Ball, location: 2F
1-1: Ball
2-1: Foul Ball, location: 2F
2-2: Ball
3-2: Strikes out swinging
Batting: RHB Jan Gosselin 0-0: Ball
1-0: Ball
2-0: Foul Ball, location: 2F
2-1: Foul Ball, location: 2F
2-2: Ball
3-2: Fly out, F4 (Line Drive, 34D)
Batting: RHB Ed Lastinger 0-0: Ball
1-0: SINGLE (Groundball, 4MD)
Batting: RHB Marcos Calderón 0-0: Ball
Pickoff Throw to First - Out!
Bottom of the 5th over - 0 run(s), 1 hit(s), 0 error(s), 0 left on base; Minnesota 4 - Asheville 0
TOP OF THE 6TH
Minnesota Loons batting - Pitching for Asheville Highlanders : RHP Santiago Paez
Batting: SHB David Martínez 0-0: SINGLE (Line Drive, 8LS)
Batting: LHB José León 0-0: Ball
1-0: Ball
2-0: Fly out, F8 (Flyball, 8LM)
Batting: RHB Wilson Vega 0-0: Called Strike
0-1: Ball
Pickoff Throw to First - Out!
1-1: Fly out, F7 (Line Drive, 7D)
Top of the 6th over - 0 run(s), 1 hit(s), 0 error(s), 0 left on base; Minnesota 4 - Asheville 0
BOTTOM OF THE 6TH
Asheville Highlanders batting - Pitching for Minnesota Loons : RHP Roy Shively
Batting: RHB Marcos Calderón 0-0: Called Strike
0-1: Foul Ball, location: 2F
0-2: Strikes out swinging
Batting: RHB Bob Miller 0-0: Ball
1-0: Called Strike
1-1: Called Strike
1-2: Foul Ball, location: 2F
1-2: Foul Ball, location: 2F
1-2: Ball
2-2: Ball
3-2: Foul Ball, location: 2F
3-2: Foul Ball, location: 2F
3-2: Foul Ball, location: 2F
3-2: SINGLE (Line Drive, 7S)
Batting: RHB Héctor Gallegos 0-0: Ball
1-0: Foul Ball, location: 2F
1-1: Ball
2-1: Called Strike
2-2: Foul Ball, location: 2F
2-2: Grounds into double play, 6-4-3 (Groundball, 6)
Bottom of the 6th over - 0 run(s), 1 hit(s), 0 error(s), 0 left on base; Minnesota 4 - Asheville 0
TOP OF THE 7TH
Minnesota Loons batting - Pitching for Asheville Highlanders : RHP Santiago Paez
Batting: RHB Lytle Creek 0-0: Called Strike
0-1: Fly out, F8 (Line Drive, 8LD)
Batting: RHB Todd Franklin 0-0: Ball
1-0: Ground out 6-3 (Groundball, 6)
Batting: RHB Pau Arria 0-0: Ball
1-0: Called Strike
1-1: Foul Ball, location: 2F
1-2: Fly out, F8 (Line Drive, 8LD)
Top of the 7th over - 0 run(s), 0 hit(s), 0 error(s), 0 left on base; Minnesota 4 - Asheville 0
BOTTOM OF THE 7TH
Asheville Highlanders batting - Pitching for Minnesota Loons : RHP Roy Shively
Batting: LHB Edward Woodstock 0-0: Ball
1-0: Fly out, F7 (Flyball, 7)
Batting: RHB Marshall Attwood 0-0: Fly out, F8 (Flyball, 8LXD)
Batting: RHB Ellis Harless 0-0: Foul Ball, location: 2F
0-1: Swinging Strike
0-2: Strikes out swinging
Bottom of the 7th over - 0 run(s), 0 hit(s), 0 error(s), 0 left on base; Minnesota 4 - Asheville 0
TOP OF THE 8TH
Minnesota Loons batting - Pitching for Asheville Highlanders : RHP Santiago Paez
Batting: RHB Gilberto Rodríguez 0-0: Called Strike
0-1: Swinging Strike
0-2: Strikes out swinging
Batting: LHB Alfredo Arévalo 0-0: Ball
1-0: Foul Ball, location: 2F
1-1: Called Strike
1-2: Foul Ball, location: 2F
1-2: Strikes out swinging
Batting: RHB Pierre Bernard 0-0: Fly out, F8 (Flyball, 89D)
Top of the 8th over - 0 run(s), 0 hit(s), 0 error(s), 0 left on base; Minnesota 4 - Asheville 0
BOTTOM OF THE 8TH
Asheville Highlanders batting - Pitching for Minnesota Loons : RHP Roy Shively
Batting: SHB Javier Luna 0-0: Ball
1-0: Called Strike
1-1: Ball
2-1: Foul Ball, location: 2F
2-2: Ball
3-2: Base on Balls
Pitching: RHP José Juárez
Batting: RHB Jan Gosselin 0-0: Grounds into double play, 4-6-3 (Groundball, 4)
Batting: RHB Ed Lastinger 0-0: SOLO HOME RUN (Flyball, 8RXD), Distance : 437 ft
Batting: RHB Marcos Calderón 0-0: Ground out 5-3 (Groundball, 56)
Bottom of the 8th over - 1 run(s), 1 hit(s), 0 error(s), 0 left on base; Minnesota 4 - Asheville 1
TOP OF THE 9TH
Minnesota Loons batting - Pitching for Asheville Highlanders : RHP Santiago Paez
Batting: SHB David Martínez 0-0: Ball
1-0: Swinging Strike
1-1: SINGLE (Groundball, 4MD)
Pitching: RHP Bobby Irvine
Batting: LHB José León 0-0: Called Strike
0-1: Foul Ball, location: 2F
0-2: Foul Ball, location: 2F
0-2: Ball
1-2: Fielders Choice at 2nd, 3-6 (Groundball, 3)
Batting: RHB Wilson Vega 0-0: Ball
1-0: Ball
2-0: Ball
3-0: Called Strike
3-1: SINGLE (Line Drive, 7LS)
José León to second
Batting: RHB Lytle Creek 0-0: Called Strike
0-1: DOUBLE (Flyball, 78D)
José León scores
Wilson Vega to third
Batting: RHB Todd Franklin 0-0: Ball
1-0: Called Strike
1-1: Ground out U3 (Groundball, 3S)
Batting: RHB Pau Arria 0-0: Ball
1-0: Fly out, F8 (Flyball, 8LS)
Top of the 9th over - 1 run(s), 3 hit(s), 0 error(s), 2 left on base; Minnesota 5 - Asheville 1
BOTTOM OF THE 9TH
Asheville Highlanders batting - Pitching for Minnesota Loons : RHP José Juárez
Batting: RHB Bob Miller 0-0: Called Strike
0-1: Called Strike
0-2: Fly out, F7 (Flyball, 7)
Batting: RHB Héctor Gallegos 0-0: Ball
1-0: Called Strike
1-1: Ball
2-1: Ball
3-1: Swinging Strike
3-2: Strikes out swinging
Batting: LHB Edward Woodstock 0-0: Foul Ball, location: 2F
0-1: Ball
1-1: Swinging Strike
1-2: Strikes out swinging
Bottom of the 9th over - 0 run(s), 0 hit(s), 0 error(s), 0 left on base; Minnesota 5 - Asheville 1
Monday, March 20th, 2017 - OOTP Baseball 17.12 Build 75